Map: Tours du crépuscule

Players

Marineshadow - Winner!

  • Race: Terran Terran
  • League: Bronze
  • Spawn Location: 1:00

zidar

  • Race: Zerg Zerg
  • League: Gold
  • Spawn Location: 7:00

VOD

Have the link to the VOD?

Description

Time

  • Played on: May 30, 2016, 10:06 a.m.
  • Length: 7:24
Show
View Real Time Build Order
Export as new Build Order

Marineshadow Terran - Winner!

Build Orders: Reaper Expand 

Get SALT Encoding   

  12  0:01  SCV  
  13  0:13  SCV  
  14  0:21  Supply Depot  
  14  0:25  SCV  
  15  0:43  SCV  
  15  0:46  Barracks  
  16  0:53  Refinery  
  16  0:55  SCV  
  17  1:07  SCV  
  18  1:19  SCV  
  19  1:35  Orbital Command  
  19  1:37  Reaper  
  20  1:43  Command Center  
  20  1:59  Barracks  
  20  2:01  Refinery, SCV  
  21  2:10  Supply Depot  
  21  2:13  Marine, SCV  
  23  2:29  Supply Depot  
  23  2:31  SCV  
  24  2:43  Factory, SCV  
  25  2:48  Barracks Reactor  
  25  2:58  SCV  
  25  2:59  Orbital Command  
  26  3:10  SCV  
  26  3:20  Barracks Tech Lab  
  26  3:24  SCV, Supply Depot  
  27  3:27  Marine x2  
  27  3:30  Starport  
  27  3:32  SCV  
  30  3:36  SCV  
  33  3:41  Marauder  
  33  3:42  Stimpack  
  33  3:47  Factory Tech Lab  
  33  3:48  SCV  
  33  3:50  Marine  
  33  3:51  Marine  
  36  3:56  SCV  
  36  4:01  SCV  
  40  4:03  Marauder  
  40  4:08  Marine x2, Starport Reactor, SCV  
  43  4:12  Engineering Bay  
  43  4:18  SCV  
  46  4:24  Marauder  
  46  4:26  Marine x2  
  46  4:30  Barracks  
  48  4:32  SCV  
  48  4:33  SCV  
  50  4:44  Marine x2, SCV, Medivac x2  
  50  4:45  SCV  
  58  4:50  Refinery  
  58  4:51  Refinery  
  58  4:56  SCV  
  58  4:57  SCV  
  58  4:58  Supply Depot  
  60  5:02  Marauder  
  62  5:19  Marine x2, SCV x2  
  66  5:22  Supply Depot  
  66  5:31  SCV, Siege Tank  
  66  5:34  Command Center  
  70  5:37  Supply Depot  
  70  5:41  Barracks Reactor  
  70  5:43  Marine x2, SCV x2  
  70  5:46  Supply Depot  
  74  5:51  Engineering Bay  
  74  5:56  SCV x2  
  76  6:08  SCV x2  
  76  6:20  SCV  
  76  6:22  Marine x4  
  76  6:23  Marauder  
  79  6:40  Marine x2  
  79  6:45  Marauder  
  82  6:50  Marine x2  
  83  6:58  Marine  
  84  7:23  Barracks  
Show
View Real Time Build Order
Export as new Build Order

zidar Zerg 

Build Orders: Hatch First 

Get SALT Encoding   

  12  0:01  Drone  
  13  0:12  Overlord  
  13  0:17  Drone  
  14  0:24  Extractor, Drone  
  14  0:32  Drone  
  14  0:34  Drone  
  17  0:57  Hatchery  
  17  0:58  Drone  
  17  1:13  Spawning Pool  
  17  1:14  Drone  
  17  1:17  Extractor  
  16  1:20  Drone  
  17  1:31  Drone x2  
  19  1:39  Overlord  
  19  1:55  Drone  
  19  2:00  Queen  
  22  2:02  Drone  
  23  2:13  Queen  
  23  2:15  Drone x2  
  27  2:18  Metabolic Boost  
  28  2:30  Zergling x4  
  29  2:52  Hatchery  
  29  2:56  Drone x4  
  31  3:30  Zergling x10  
  36  3:40  Baneling Nest  
  34  4:01  Lair  
  34  4:02  Extractor  
  33  4:06  Queen  
  35  4:11  Drone  
  35  4:12  Drone x6  
  35  4:14  Overlord x2  
  42  4:29  Overlord  
  42  4:30  Overlord  
  42  4:31  Overlord  
  42  4:39  Drone x4  
  42  4:40  Drone x3  
  49  4:47  Queen  
  49  4:50  Baneling x5  
  51  4:53  Zergling x2  
  52  5:04  Extractor x2  
  52  5:05  Drone x2  
  52  5:06  Drone x2  
  54  5:08  Drone x3  
  57  5:19  Evolution Chamber  
  57  5:20  Evolution Chamber  
  55  5:27  Drone  
  55  5:28  Drone x6  
  62  5:44  Centrifical Hooks  
  63  5:50  Zergling x10  
  67  5:58  Extractor  
  67  5:59  Extractor  
  67  6:04  Drone x6  
  65  6:16  Baneling x2  
  65  6:17  Baneling  
  63  6:20  Zergling x18  
  37  6:50  Zergling x16  
Tags
 
Add a new tag
Caveats
  • Supply blocks, unpowered buildings, or Contaminate may cause inaccurate times.
  • Supply counts are checked every 10 seconds.